 Dungeon Crawl Stone Soup version 0.17-a0-1479-g4041c36 (webtiles) character file.

319 amnekian the Sneak (level 6, -3/45 HPs)
             Began as an Octopode Transmuter on July 3, 2015.
             Was an Initiate of Cheibriados.
             Slain by an orc priest
             ... wielding a +0 whip
              (5 damage)
             ... on level 4 of the Dungeon.
             The game lasted 00:22:22 (4789 turns).

amnekian the Sneak (Octopode Transmuter)            Turns: 4789, Time: 00:22:23

Health: -3/45      AC:  6    Str: 11    XL:     6   Next: 45%
Magic:  6/9        EV: 10    Int: 19    God:    Cheibriados [......]
Gold:   156        SH:  0    Dex: 15    Spells: 3 memorised, 2 levels left

rFire  x . .     SeeInvis .       - Unarmed
rCold  + + +     Clarity  .     (shield currently unavailable)
rNeg   . . .     SustAt   .     (helmet currently unavailable)
rPois  +         Gourm    .     (no amulet)
rElec  .         Spirit   .     u - ring of flight
rCorr  .         Warding  .     w - +3 ring of intelligence
rMut   .         Stasis   .     (no ring)
MR     .....                    (no ring)
Stlth  +++.......               (no ring)
                                (no ring)
                                (no ring)
                                (no ring)

@: ice-form, slow, not resistant to hostile enchantments, fairly stealthy
A: almost no armour, amphibious, 8 rings, (constrict 8), (camouflage 0),
(gelatinous body 0)
a: End Transformation, Bend Time, Renounce Religion, Evoke Flight


You were on level 4 of the Dungeon.
You worshipped Cheibriados.
Cheibriados was noncommittal.
You were hungry.
You were a creature of crystalline ice.
You visited 2 branches of the dungeon, and saw 5 of its levels.

You collected 156 gold pieces.

Inventory:

Hand weapons
 b - a +0 hunting sling
 s - a +0 flail of draining
 y - a +0 blowgun
Missiles
 a - 44 arrows
 e - 43 poisoned needles
 g - 116 stones (quivered)
 n - 66 sling bullets
 r - a tomahawk
 x - 13 exploding sling bullets
Jewellery
 u - a ring of flight (left front paw)
 w - a +3 ring of intelligence (right front paw)
Magical devices
 o - a wand of frost (19)
Scrolls
 d - 2 scrolls of random uselessness
 i - a scroll of remove curse {unknown}
 j - a scroll of teleportation
 l - 2 scrolls of noise
 t - a scroll of identify
Potions
 h - a potion of resistance {unknown}
 m - a potion of flight {unknown}
 p - a potion of invisibility
 v - a potion of brilliance {unknown}
 z - a potion of heal wounds {unknown}
Books
 q - a book of Changes

   Spells                             Type                      Level
   a - Beastly Appendage              Transmutation                1
   b - Sticks to Snakes               Transmutation                2
   c - Spider Form                    Transmutation/Poison         3
   d - Ice Form                       Ice/Transmutation            4
   e - Blade Hands                    Transmutation                5
Miscellaneous
 k - a plain deck of wonders {Dowsing}
Comestibles
 c - 6 bread rations
 f - 2 meat rations
 A - 3 chunks of flesh


   Skills:
 - Level 1.0 Fighting
 - Level 2.0 Dodging
 - Level 4.1 Stealth
 - Level 3.0 Unarmed Combat
 - Level 2.0 Spellcasting
 * Level 3.9 Transmutations
 - Level 4.1 Ice Magic


You had 2 spell levels left.
You knew the following spells:

 Your Spells              Type           Power        Failure   Level  Hunger
a - Beastly Appendage     Trmt           ###...       4%          1    #......
b - Sticks to Snakes      Trmt           ###.......   8%          2    ###....
c - Ice Form              Ice/Trmt       ###.....     34%         4    #####..


Dungeon Overview and Level Annotations

Branches:
Dungeon (4/15)             Temple (1/1) D:4

Altars:
Cheibriados
Gozag
Kikubaaqudgha
Nemelex Xobeh
Trog
Xom
Yredelemnul
The Shining One

Annotations:
D:1 exclusions: gnoll and 2 jackals
D:3 exclusion: door
D:4 exclusion: orc


Innate Abilities, Weirdness & Mutations

You cannot wear most types of armour.
You are amphibious.
You can wear up to eight rings at the same time.
((You can use your tentacles to constrict eight enemies at once.))
((Your skin changes colour to match your surroundings (Stealth).))
((Your rubbery body absorbs attacks (AC +1).))


Message History

The orc priest is moderately wounded.
The orc wizard points at you and mumbles some strange words.
The puff of frost hits you! You resist.
* * * LOW HITPOINT WARNING * * *
The orc priest hits you with a whip.
* * * LOW HITPOINT WARNING * * *
You hit the orc priest. You freeze the orc priest.
The orc priest is heavily wounded.
The orc wizard hits you but does no damage.
The orc wizard looks braver.
The orc priest misses you.
You hit the orc priest. You freeze the orc priest.
The orc priest is severely wounded.
The orc wizard's eyes start to glow.
You hit the orc priest. You freeze the orc priest.
The orc priest is almost dead.
The orc wizard hits you with a dagger.
* * * LOW HITPOINT WARNING * * *
The orc priest hits you with a whip.
You die...

÷..####################.#........
#.###.########.##..# #.#..###.##
#.# #..........#...## #.#..# #.##
#.###........)......###.#..# #...
...##.########.......##....######
##.##.# #.......##...##.....
#.##.# #(......##...##.####
#.##.#########(o)..# #...##.# #
#.##....(.((.#.Yo.# #...##.####
#.##.#######.#.#### #.÷........
#.##.# #.#.# ##.######## ##.##.#
##.#.# #.# ......#
##....########.#### ##.#..#
##.#.#.............#####
#>...####......>........##......
###........#.#.#################
##..........##


You could see an orc priest and an orc wizard.

Vanquished Creatures
  An ogre (D:4)
  2 hounds (D:4)
  An orc priest (D:4)
  A centaur skeleton (D:4)
  A gnoll (D:1)
  An adder (D:4)
  A giant gecko (D:3)
  10 orcs
  11 bats
  3 giant cockroaches
  15 goblins
  12 hobgoblins
  4 jackals (D:4)
  3 quokkas
  2 ball pythons
  2 giant newts
  5 kobolds
  2 quokka skeletons (D:4)
  9 rats
86 creatures vanquished.

Vanquished Creatures (collateral kills)
  An adder (D:2)
  An orc (D:3)
2 creatures vanquished.

Vanquished Creatures (others)
  An orc wizard (D:4)
  2 orcs (D:4)
3 creatures vanquished.

Grand Total: 91 creatures vanquished

Notes
Turn   | Place    | Note
--------------------------------------------------------------
     0 | D:1      | amnekian the Octopode Transmuter began the quest for the Orb.
     0 | D:1      | Reached XP level 1. HP: 13/13 MP: 3/3
    26 | D:1      | Reached skill level 1 in Stealth
   341 | D:1      | Reached XP level 2. HP: 6/18 MP: 3/5
   737 | D:1      | Reached XP level 3. HP: 21/23 MP: 6/6
   788 | D:1      | You fall through a shaft!
   816 | D:2      | Reached skill level 4 in Stealth
   974 | D:2      | Learned a level 2 spell: Sticks to Snakes
  1055 | D:2      | Found a sparkling altar of Nemelex Xobeh.
  1156 | D:2      | Found a glowing golden altar of the Shining One.
  1555 | D:2      | Found an ancient bone altar of Kikubaaqudgha.
  1617 | D:2      | Reached XP level 4. HP: 20/28 MP: 3/7
  2069 | D:2      | Learned a level 4 spell: Ice Form
  2738 | D:3      | Reached skill level 1 in Ice Magic
  3536 | D:4      | Found an opulent altar of Gozag.
  3596 | D:4      | Reached XP level 5. HP: 22/33 MP: 4/8
  4078 | D:4      | Noticed an ogre
  4369 | D:4      | Killed an ogre
  4369 | D:4      | Reached XP level 6. HP: 19/38 MP: 9/9
  4549 | D:4      | Found a staircase to the Ecumenical Temple.
  4558 | Temple   | Entered the Ecumenical Temple
  4562 | Temple   | Became a worshipper of Cheibriados the Contemplative
  4789 | D:4      | HP: 2/45 [orc wizard/dagger (4)]
  4789 | D:4      | Slain by an orc priest

Vault maps used:
D:1:      saegor_arrival_simple_c, serial_curves, eino_curves_01, eino_curves_04
D:2:      nicolae_tso_carved_into_rock, nemelex_deck, lemuel_crystal_altar
D:3:      kennysheep_another_room, serial_bayou_pond_a
D:4:      lemuel_blue_sif_altar, grunt_gozag_statues,
          lemuel_temple_firewalk_marked, first_bread, serial_bayou_pond_e,
          kennysheep_small_circle
Temple:   triangle_lava_temple_12

Action                   |  1- 3 |  4- 6 || total
-------------------------+-------+-------++-------
Melee: Unarmed           |    86 |    78 ||   164
       Flail             |       |     9 ||     9
 Fire: Hunting sling     |       |    58 ||    58
       Blowgun           |       |     4 ||     4
Throw: Stone             |     5 |     1 ||     6
 Cast: Beastly Appendage |    11 |     9 ||    20
       Sticks to Snakes  |     2 |     8 ||    10
       Ice Form          |       |     1 ||     1
  Use: Scroll            |       |     7 ||     7
 Stab: Sleeping          |    10 |     7 ||    17
  Eat: Chunk             |     2 |    11 ||    13
